 Dungeon Crawl Stone Soup version 0.31-a0-187-gba352fbbf7 (webtiles) character file.

Game seed: 12066472308566427238

67 qw the Shooter (level 4, -9/25 HPs)
             Began as a Deep Elf Hunter on June 22, 2023.
             Killed by divine providence
             ... invoked by an orc priest
              (14 damage)
             ... on level 3 of the Dungeon.
             The game lasted 00:00:36 (1461 turns).

qw the Shooter (Deep Elf Hunter)                    Turns: 1461, Time: 00:00:37

Health: -9/25      AC:  6    Str: 10    XL:     4   Next: 0%
Magic:  6/6        EV: 11    Int: 14    God:
Gold:   66         SH:  0    Dex: 18    Spells: 3/3 levels left

rFire   . . .        Y - +0 shortbow
rCold   + . .        (shield currently unavailable)
rNeg    + . .        f - +0 ring mail
rPois   .            (no helmet)
rElec   .            e - +0 cloak
rCorr   .            (no gloves)
SInv    .            (no boots)
Will    ++...        (no amulet)
Stlth   +            h - ring of protection from cold
HPRegen 0.24/turn    b - ring "Yliqus" {rN+ Will++}
MPRegen 0.10/turn

%: no passive effects
@: no status effects
A: no striking features
a: no special abilities


You were on level 3 of the Dungeon.
You visited 1 branch of the dungeon, and saw 3 of its levels.

You collected 66 gold pieces.


   Skills:
 - Level 1.5 Fighting
 + Level 7.4 Ranged Weapons
 - Level 2.4 Dodging
 - Level 1.2 Stealth


You had 3 spell levels left.
You didn't know any spells.
Your spell library was empty.

Inventory:

Hand Weapons
 Y - a +0 shortbow (weapon)
Armour
 e - a +0 cloak (worn)
 f - a +0 ring mail (worn)
Jewellery
 b - the ring "Yliqus" (right hand) {rN+ Will++}
   (You found it on level 2 of the Dungeon)

   [ring of positive energy]

   rN:        It protects you from negative energy.
   Will:      It greatly increases your willpower.
 h - a ring of protection from cold (left hand)
 l - a ring of resist corrosion
Scrolls
 c - a scroll of identify
 i - a scroll of torment {unknown}
Potions
 a - 2 potions of enlightenment
 d - 4 potions of curing
 g - a potion of resistance {unknown}
 j - a potion of degeneration {unknown}
 k - a potion of invisibility {unknown}

Dungeon Overview and Level Annotations

Branches:
Dungeon (3/15)

Altars:
Sif Muna


Message History

The arrow hits the orc!
You kill the orc!
You hear a shout! x3
An orc and an orc priest come into view.
Things that are here:
a +0 mace; an orc corpse
Enter note:
Enter note:
Enter note:
Enter note: You shoot an arrow.
The arrow closely misses the orc.
The orc closely misses you.
You shoot an arrow. The arrow hits the orc!
The orc is almost dead.
The orc priest looks satisfied for a moment.
The orc hits you but does no damage.
You shoot an arrow. The arrow closely misses the orc.
The orc hits you with a +0 falchion.
You shoot an arrow. The arrow hits the orc.
You kill the orc!
The orc priest misses you.
You have reached level 4!
You feel clever.
You shoot an arrow.
The arrow completely misses the orc priest.
The orc priest mumbles some strange prayers to Beogh against you.
Beogh smites you!
Ouch! That really hurt!
You shoot an arrow.
The arrow closely misses the orc priest.
An orc comes into view. It is wielding a +0 dagger.
The orc priest hits you but does no damage.
The orc priest misses you.
You shoot an arrow. The arrow barely misses the orc priest.
The orc priest barely misses you.
You shoot an arrow.
The arrow hits the orc priest but does no damage.
The orc priest invokes the aid of Beogh against you.
Beogh smites you!
Ouch! That really hurt!
You die...

## # .. #.#####.
+...... #...oo#
#@# ... ### ###
#.# ... #.. ..#
###.# ... #.# #.#
#...# #.# #.#
#.#.#.##### ##.#
#.# #.#.#.....#
##.# #.#
#.#.#####.######.#
##.# #.# #.#.#
#........#
##.###.###.#.#
#<.####..#


You could see an orc priest and an orc.

Vanquished Creatures
  An adder (D:3)
  2 worms (D:2)
  A dart slug (D:2)
  3 orcs (D:3)
  3 ball pythons (D:3)
  6 bats
  3 endoplasms
  4 goblins
  4 hobgoblins
  4 jackals (D:1)
  5 quokkas
  3 frilled lizards
  4 rats
43 creatures vanquished.

Notes
Turn   | Place    | Note
-------+----------+-------------------------------------------
     0 | D:1      | qw the Deep Elf Hunter began the quest for the Orb.
     0 | D:1      | Reached XP level 1. HP: 12/12 MP: 3/3
     0 | D:1      | 0 ||| qw: Version: 0.3-a-9-g12657ce
     0 | D:1      | 0 ||| qw: Game counter: 2478
     0 | D:1      | 0 ||| qw: Always use a shield: true
     0 | D:1      | 0 ||| qw: God list: Okawaru
     0 | D:1      | 0 ||| qw: Allow faded altars: false
     0 | D:1      | 0 ||| qw: Do Orc after D:15 true
     0 | D:1      | 0 ||| qw: Do second Lair branch before Depths: true
     0 | D:1      | 0 ||| qw: Lair rune preference: random
     0 | D:1      | 0 ||| qw: Plans: Normal
     0 | D:1      | 0 ||| PLANNING D:1-11
     3 | D:1      | Noticed an electric eel
     4 | D:1      | Noticed an electric eel
    87 | D:1      | Reached XP level 2. HP: 16/16 MP: 4/4
   106 | D:1      | Reached skill level 6 in Ranged Weapons
   624 | D:1      | 624 ||| UPGRADING to +0 cloak.
   629 | D:1      | 629 ||| UPGRADING to ring of resist corrosion.
   630 | D:1      | 630 ||| READING scroll labelled EDOMEH KEMETTIGIFI.
   631 | D:1      | 631 ||| READING scroll labelled NODEAG TYOR.
   632 | D:1      | 632 ||| READING scroll labelled IDGHIT ASEULE.
   633 | D:1      | 633 ||| DRINKING 2 puce potions.
   634 | D:1      | 634 ||| DROPPING scroll of butterflies.
   664 | D:2      | Identified the +7 mace "Maimiutt" {heavy, rPois rN+ Str+5
                  | Int-4}
   674 | D:2      | Reached XP level 3. HP: 19/20 MP: 5/5
   683 | D:2      | Identified the ring "Yliqus" {rN+ Will++}
   703 | D:2      | Found a shimmering blue altar of Sif Muna.
  1209 | D:2      | 1209 ||| UPGRADING to +0 ring mail.
  1219 | D:2      | 1219 ||| DROPPING +0 leather armour.
  1220 | D:2      | 1220 ||| UPGRADING to ring "Yliqus" {rN+ Will++}.
  1221 | D:2      | 1221 ||| UPGRADING to ring of protection from cold.
  1223 | D:2      | 1223 ||| READING scroll labelled ZOTZAUPTOA.
  1224 | D:2      | 1224 ||| READING scroll labelled LUDEAS KACYV.
  1229 | D:2      | 1229 ||| DRINKING 3 sedimented red potions.
  1230 | D:2      | 1230 ||| DRINKING 2 murky brown potions.
  1231 | D:2      | 1231 ||| DROPPING potion of brilliance.
  1273 | D:3      | Reached skill level 7 in Ranged Weapons
  1458 | D:3      | Reached XP level 4. HP: 21/25 MP: 6/6
  1458 | D:3      | HP: 4/25 [orc priest/divine providence (17)]
  1461 | D:3      | Killed from afar by an orc priest

Levels and vault maps discovered:
D:1:      arrival_aquarium_b, layout_rooms, st_stairs_4, minmay_hedge_maze,
          dreamdust_princess_corridor, minivault_25
D:2:      layout_basic, basic_altar
D:3:      layout_basic, grunt_gozag_statues, nicolae_ecumenical_snake_handling,
          kennysheep_cross_room

Skill      XL: |  1  2  3 |
---------------+----------+-----
Ranged Weapons | 6 7 |  7.4
Fighting       | |  1.5
Dodging        | |  2.4
Stealth        | |  1.2

Action                     |  1- 3 |  4- 6 || total
---------------------------+-------+-------++-------
   Fire: Shortbow          |   122 |     4 ||   126
    Use: Scroll            |     5 |       ||     5
         Potion            |     3 |       ||     3
 Armour: Leather armour    |     6 |       ||     6
         Ring mail         |    10 |     1 ||    11
  Dodge: Dodged            |    34 |     2 ||    36

Table legend:
 A = Non-vault XP
 B = Vault XP
 C = Vault XP percentage of total XP
 D = Non-vault monster count
 E = Vault monster count
 F = Vault count percentage of total count
                 A         B        C        D         E       F
            +---------+---------+-------+---------+---------+-------
      Total |      92 |       5 |   5.2 |      40 |       3 |   7.0
            +---------+---------+-------+---------+---------+-------
        D:1 |      30 |       5 |  14.3 |      17 |       3 |  15.0
        D:2 |      27 |       0 |   0.0 |      11 |       0 |   0.0
        D:3 |      35 |       0 |   0.0 |      12 |       0 |   0.0
            +---------+---------+-------+---------+---------+-------
